Map: Interloper LE

Players

IIIIIIIII

  • Race: Terran Terran
  • League: Master
  • Spawn Location: 11:00

AlexUA - Winner!

  • Race: Protoss Protoss
  • League: Grandmaster
  • Spawn Location: 5:00

VOD

Have the link to the VOD?

Description

Time

  • Played on: Aug. 9, 2017, 9:58 a.m.
  • Length: 12:00
Show
View Real Time Build Order
Export as new Build Order

IIIIIIIII Terran 

Build Orders: Cyclone Opening, Mech 

Get SALT Encoding   

  12  0:02  SCV  
  13  0:14  SCV  
  14  0:21  Supply Depot  
  14  0:26  Refinery  
  15  0:28  SCV  
  15  0:43  SCV  
  15  0:47  Barracks  
  16  0:59  SCV  
  17  1:11  SCV  
  18  1:23  SCV  
  19  1:35  Factory  
  19  1:36  Orbital Command  
  19  1:37  Marine  
  20  1:41  Supply Depot  
  20  1:56  Marine  
  21  2:04  SCV  
  22  2:20  Command Center  
  22  2:24  SCV  
  23  2:36  Cyclone, SCV  
  27  2:39  Supply Depot  
  27  2:40  Marine  
  28  2:48  Refinery  
  28  2:54  Bunker, SCV  
  29  2:59  Marine  
  30  3:10  SCV  
  34  3:22  SCV  
  29  3:31  Starport  
  29  3:33  Factory  
  29  3:34  Barracks Reactor, SCV  
  29  3:38  Orbital Command  
  30  3:44  Widow Mine  
  30  3:46  SCV  
  33  3:54  Supply Depot  
  33  3:58  SCV  
  34  4:04  SCV  
  34  4:05  Engineering Bay  
  35  4:11  SCV  
  35  4:16  SCV  
  37  4:17  Factory Tech Lab  
  37  4:18  Starport Tech Lab  
  37  4:23  SCV  
  38  4:27  Refinery  
  38  4:28  SCV, Marine x2  
  41  4:32  Refinery  
  41  4:35  SCV  
  42  4:38  Raven, Missile Turret  
  42  4:39  Supply Depot  
  42  4:40  SCV  
  45  4:46  Siege Tank  
  45  4:49  SCV  
  49  4:52  SCV  
  49  4:55  Barracks  
  49  4:59  Barracks Tech Lab  
  50  5:01  SCV  
  50  5:05  SCV  
  52  5:09  Missile Turret  
  52  5:13  SCV  
  53  5:15  Supply Depot  
  53  5:17  SCV  
  53  5:18  Siege Tank  
  57  5:25  SCV  
  58  5:29  SCV  
  58  5:31  Liberator  
  59  5:37  SCV  
  59  5:39  Factory  
  59  5:41  SCV, Marine x2  
  63  5:43  Factory  
  63  5:49  SCV  
  65  5:53  SCV  
  66  5:58  Siege Tank  
  66  5:59  Marine  
  66  6:01  SCV  
  71  6:05  SCV  
  71  6:06  Supply Depot  
  72  6:12  Supply Depot x2  
  72  6:13  Armory, Siege Tank  
  72  6:16  SCV  
  76  6:24  Factory Tech Lab  
  76  6:27  Factory Tech Lab  
  76  6:28  Missile Turret  
  76  6:30  Siege Tank  
  76  6:31  Supply Depot  
  79  6:36  Viking  
  79  6:39  SCV  
  82  6:44  SCV  
  82  6:45  Supply Depot  
  83  6:47  Supply Depot  
  83  6:50  Hellion x3  
  89  6:58  Missile Turret  
  89  7:03  Siege Tank  
  89  7:06  Viking  
  94  7:12  Hellbat x2, Siege Tank  
  101  7:21  SCV, Missile Turret  
  102  7:24  Supply Depot  
  102  7:31  SCV  
  102  7:33  Hellbat, Siege Tank  
  102  7:35  Siege Tank  
  113  7:44  Hellbat  
  113  7:48  Liberator  
  113  7:54  Terran Vehicle Weapons Level 1, Siege Tank  
  116  8:00  Command Center  
  118  8:05  Hellbat  
  118  8:07  SCV  
  118  8:08  Refinery  
  118  8:10  Refinery  
  122  8:14  Supply Depot, SCV  
  122  8:15  Supply Depot  
  122  8:19  Siege Tank  
  126  8:26  Hellion  
  114  8:27  Hellion, Hellbat  
  86  8:47  Hellbat  
  83  8:48  Hellbat, Siege Tank  
  83  8:49  Liberator  
  83  8:51  Hellbat  
  83  8:52  SCV x2  
  86  9:04  SCV x2  
  86  9:07  Missile Turret  
  91  9:10  Missile Turret  
  91  9:11  Missile Turret  
  91  9:12  Planetary Fortress  
  91  9:16  SCV x2  
  93  9:28  SCV x2  
  95  9:32  Starport, Liberator  
  95  9:33  Starport  
  95  9:35  Hellion x7  
  95  9:36  Fusion Core  
  95  9:40  SCV x2  
  95  9:42  Hellbat x2  
  101  9:46  Infernal Pre-Igniter  
  101  9:48  Missile Turret  
  101  9:52  Neosteel Frame  
  104  10:02  Liberator x2  
  104  10:04  Command Center  
  104  10:05  Siege Tank  
  107  10:12  Hellion x2  
  111  10:16  Hellion  
  115  10:29  Missile Turret  
  115  10:30  Starport Tech Lab  
  115  10:33  Liberator, Hellion x2, Advanced Ballistics  
  119  10:37  Hellion  
  119  10:38  Hellbat  
  123  10:53  Sensor Tower  
  123  10:54  Hellbat x2  
  130  10:58  Hellbat  
  130  10:59  Hellbat  
  134  11:16  Hellbat, Command Center  
  134  11:17  Hellbat  
  137  11:20  Hellbat x2  
  119  11:37  Hellbat  
  119  11:39  Hellbat  
  114  11:46  SCV  
Show
View Real Time Build Order
Export as new Build Order

AlexUA Protoss - Winner!

Build Orders: Zealot Archon, Colossus Rush 

Get SALT Encoding   

  12  0:01  Probe (Chrono Boost)  
  13  0:11  Probe (Chrono Boost)  
  14  0:18  Pylon  
  14  0:22  Probe (Chrono Boost)  
  15  0:36  Probe (Chrono Boost)  
  15  0:38  Gateway  
  15  0:42  Assimilator  
  16  0:47  Probe (Chrono Boost)  
  17  0:51  Assimilator  
  17  0:57  Probe (Chrono Boost)  
  18  1:08  Probe (Chrono Boost)  
  19  1:18  Probe (Chrono Boost)  
  20  1:25  Cybernetics Core  
  20  1:30  Probe (Chrono Boost), Pylon  
  21  1:41  Probe (Chrono Boost)  
  22  1:51  Probe (Chrono Boost)  
  23  2:02  Mothership Core (Chrono Boost), Stalker  
  23  2:03  Warp Gate (Chrono Boost)  
  23  2:07  Pylon  
  27  2:23  Nexus  
  27  2:32  Sentry  
  29  2:40  Robotics Facility  
  29  2:42  Probe  
  30  2:55  Probe  
  30  2:57  Gateway  
  31  3:02  Sentry  
  33  3:07  Probe  
  34  3:19  Probe  
  35  3:29  Observer (Chrono Boost)  
  35  3:31  Probe  
  37  3:40  Probe  
  37  3:42  Robotics Bay  
  37  3:43  Probe  
  37  3:45  Pylon  
  39  3:50  Probe  
  39  3:55  Probe  
  45  3:56  Immortal (Chrono Boost)  
  45  4:01  Probe  
  46  4:07  Probe  
  47  4:11  Probe  
  47  4:12  Assimilator  
  47  4:15  Assimilator  
  48  4:19  Probe  
  48  4:22  Probe  
  50  4:27  Pylon  
  50  4:30  Observer (Chrono Boost)  
  51  4:31  Probe  
  51  4:32  Probe  
  53  4:43  Probe  
  53  4:44  Pylon  
  54  4:47  Colossus (Chrono Boost)  
  54  4:52  Probe  
  60  4:59  Pylon, Gateway  
  61  5:01  Probe  
  61  5:02  Gateway  
  62  5:10  Probe  
  62  5:13  Probe  
  64  5:19  Pylon  
  64  5:23  Probe  
  64  5:27  Colossus  
  65  5:32  Extended Thermal Lance (Chrono Boost)  
  70  5:44  Gateway  
  70  5:46  Gateway  
  70  5:49  Gateway  
  69  6:01  Twilight Council  
  69  6:12  Nexus  
  69  6:14  Pylon  
  69  6:15  Colossus  
  69  6:18  Pylon  
  69  6:23  Pylon  
  75  6:31  Pylon  
  75  6:34  Pylon  
  75  6:36  Pylon  
  75  6:37  Charge (Chrono Boost)  
  75  6:42  Templar Archives  
  75  6:46  Zealot  
  77  6:50  Forge  
  77  6:53  Zealot  
  79  6:58  Zealot x2  
  83  7:08  Zealot  
  85  7:14  Gateway  
  85  7:16  Zealot  
  85  7:17  Zealot  
  85  7:18  Gateway  
  85  7:22  Immortal  
  93  7:30  Pylon  
  93  7:32  High Templar x2  
  93  7:34  High Templar  
  99  7:43  Archon, High Templar  
  98  7:49  Archon  
  96  7:51  Zealot  
  96  7:56  Gateway, Protoss Ground Weapons Level 1 (Chrono Boost)  
  98  8:01  Photon Cannon  
  98  8:05  Probe x2  
  100  8:09  Zealot x2, Stalker  
  106  8:13  Stalker  
  108  8:20  Zealot x2  
  83  8:42  Immortal  
  87  8:49  Probe x3  
  87  8:52  High Templar x3  
  87  8:53  High Templar  
  87  8:54  Zealot x2  
  102  8:57  Archon  
  102  8:58  Archon  
  102  8:59  Blink  
  102  9:01  Probe  
  103  9:10  Zealot  
  103  9:16  Warp Prism, Sentry, Zealot  
  111  9:26  Zealot x2  
  115  9:34  Zealot x2  
  115  9:36  Zealot  
  121  9:44  Zealot x2, Protoss Ground Weapons Level 2 (Chrono Boost)  
  125  9:47  Zealot  
  125  9:50  High Templar  
  129  9:54  High Templar  
  131  10:00  Pylon, Archon  
  131  10:02  Pylon  
  131  10:06  Stalker x2  
  135  10:16  Stalker x2  
  143  10:29  Warp Prism  
  141  10:36  Probe x2  
  141  10:42  Zealot, Stalker x4  
  151  10:43  Zealot  
  155  11:03  Immortal  
  159  11:17  Zealot x7  
  127  11:45  Zealot x7  
Tags
 
Add a new tag
Caveats
  • Supply blocks, unpowered buildings, or Contaminate may cause inaccurate times.
  • Supply counts are checked every 10 seconds.